AoeStats
← Blank

QS Arena

503447692Analyzed
2v2 RM · 10d ago on Aug 31, 2026· 17m 11s· 4 players
Game mode
Random Map
Map size
Medium (4 player)
Population
200
Speed
Normal
Resources
Standard
Victory
Conquest
Starting age
Dark Age
Ending age
Imperial Age
RankedLock teamsTeams togetherTeam positionsShared explorationLock speedFull tech treeHidden civsTurbo modeCheats
Victory
Defeat
🇳🇱 Spanish · Netherlands
1031
+14
🇪🇸 Aztecs · Spain
959
+18
🇵🇱 Poles · Poland
998
-45
🇵🇱 Vikings · Poland
998
-45
薩麥爾
8:51 Feudal Age
10:03 Gold Mining
10:52 Double-Bit Axe
10:52 Horse Collar
16:59 Castle Age
15:08 Man-at-Arms
Blank
9:26 Feudal Age
9:51 Loom
10:17 Double-Bit Axe
10:13 Horse Collar
14:00 Castle Age
15:06 Husbandry
15:17 Bloodlines
MuilPeron
9:12 Feudal Age
14:47 Castle Age
13:08 Double-Bit Axe
13:16 Horse Collar
14:51 Loom
16:51 Fletching
17:02 Padded Archer Armor
Arve
7:21 Feudal Age
8:39 Double-Bit Axe
9:04 Horse Collar
13:04 Gold Mining
16:48 Castle Age
15:02 Fletching
16:02 Forging
16:55 Loom
17:46 Heavy Plow
Connection lost

Rejoining the realm…

Still unreachable

The connection could not be restored.

Session expired

The server has moved on; the page needs a fresh start.